 Dungeon Crawl Stone Soup version 0.30.0-29-ga12c61a403 (webtiles) character file.

Game seed: 786716002797684375

1605 qw the Cleaver (level 8, 0/53 HPs)
             Began as a Gargoyle Fighter on June 3, 2023.
             Killed by divine providence
             ... invoked by a smoke demon
              (15 damage)
             ... on level 2 of the Abyss.
             The game lasted 00:02:06 (4121 turns).

qw the Cleaver (Gargoyle Fighter)                   Turns: 4121, Time: 00:02:07

Health: 0/53       AC: 22    Str: 21    XL:     8   Next: 94%
Magic:  8/8        EV:  8    Int: 10    God:
Gold:   201        SH:  4    Dex: 13    Spells: 7/7 levels left

rFire   . . .        Y - +1 broad axe
rCold   . . .        c - +0 buckler
rNeg    + . .        a - +0 chain mail
rPois   inf          (no helmet)
rElec   +            l - +1 cloak
rCorr   +            (no gloves)
SInv    .            o - +0 pair of boots
Will    .....        (no amulet) Stlth
                     j - ring of Yesterday {Contam Fly rCorr AC+4 Dex+4}
HPRegen 0.28/turn    (no ring)
MPRegen 0.11/turn

%: no passive effects
@: flying
A: sickness immunity, AC +5, negative energy resistance 1, electricity
resistance, torment resistance 1, petrification resistance
a: no special abilities


You were on level 2 of the Abyss.
You visited 1 branch of the dungeon, and saw 6 of its levels.
You visited the Abyss 1 time.

You collected 257 gold pieces.
You spent 56 gold pieces at shops.


Innate Abilities, Weirdness & Mutations

You are immune to sickness and miasma.
Your stone body is resilient. (AC +5)
You are immune to poison.
You resist negative energy. (rN+)
You are resistant to electric shocks. (rElec)
You are resistant to unholy torment.
You are immune to petrification.


   Skills:
 - Level 7.0 Fighting
 + Level 8.0 Axes
 - Level 1.1 Throwing
 - Level 4.6 Armour
 - Level 1.2 Dodging
 - Level 3.2 Shields


You had 7 spell levels left.
You didn't know any spells.
Your spell library was empty.

Inventory:

Hand Weapons
 r - a +0 flail
 Y - a +1 broad axe (weapon)
Missiles
 n - 5 boomerangs (quivered)
Armour
 a - a +0 chain mail (worn)
 c - a +0 buckler (worn)
 l - a +1 cloak (worn)
 o - a +0 pair of boots (worn)
Jewellery
 j - the ring of Yesterday (left hand) {Contam Fly rCorr AC+4 Dex+4}
   (You found it on level 2 of the Dungeon)

   [ring of protection]

   AC:        It affects your AC (+4).
   Dex:       It affects your dexterity (+4).
   Fly:       It grants you flight.
   Contam:    It causes magical contamination when unequipped.
   rCorr:     It protects you from acid and corrosion.
Scrolls
 g - 2 scrolls of identify
Potions
 d - 4 potions of might
 e - 3 potions of curing
 f - 4 potions of lignification
 i - 2 potions of haste
 m - a potion of attraction

Dungeon Overview and Level Annotations

Branches:
Dungeon (6/15)
 Temple: D:4-7

Altars:
Cheibriados
Elyvilon
Fedhas
Nemelex Xobeh
Xom

Shops:
D:2 (

Annotations:
D:3 3 runed translucent doors, qw's ghost, amateur GrFi
D:6 Maggie


Message History

You closely miss the ufetubus. You hit the ufetubus.
You barely miss the ufetubus. You barely miss the ynoxinul.
You slash the ufetubus!
You kill the ufetubus!
The ufetubus disappears in a puff of smoke!
The ufetubus hits you but does no damage.
The ufetubus barely misses you.
The ynoxinul hits you but does no damage.
The ufetubus barely misses you. x2; The ufetubus completely misses you.
The ufetubus barely misses you. The ynoxinul misses you.
The ufetubus hits you but does no damage.
The ufetubus hits you.
You hit the ynoxinul.
The ynoxinul is severely wounded.
You slash the ufetubus!
You kill the ufetubus!
The ufetubus disappears in a puff of smoke!
You closely miss the ufetubus. You slash the ufetubus!
You kill the ufetubus!
The ufetubus disappears in a puff of smoke!
The ufetubus hits you but does no damage. x2
The ufetubus barely misses you.
The ufetubus hits you but does no damage. x2
The ufetubus barely misses you. The ynoxinul hits you.
You hit the ynoxinul but do no damage.
The ynoxinul is severely wounded.
You miss the ufetubus. You closely miss the ufetubus. You miss the ufetubus.
The ufetubus hits you but does no damage.
The ufetubus barely misses you.
The ufetubus hits you but does no damage. x3
The ufetubus closely misses you.
The ufetubus hits you but does no damage. x2
The ufetubus hits you.
The ufetubus hits you but does no damage.
The ynoxinul hits you but does no damage.
The ufetubus hits you but does no damage.
The ufetubus closely misses you. The smoke demon gestures at you.
Something smites you!
You die...

### ##..
#.#### #...#
.#.. ..## ..#
#..#.. #4..
#.5# #. # #
##ยค@#.## .
#...5535# .
#.#...3......
#...........#
#.......##.##
#..\....# #
#.....#.#
#.......#
#...#.#####


You could see a smoke demon, a ynoxinul and 4 ufetubi.

Vanquished Creatures
  Pikel (D:4)
  A hellwing (Abyss:2)
  Grinder (D:3)
  Sigmund (D:3)
  A small abomination (Abyss:2)
  A centaur (D:5)
  3 lemures (D:4)
  A scorpion (D:6)
  2 hounds (D:5)
  An orc priest (D:5)
  Jessica (D:3)
  An orc wizard (D:3)
  A mummy (D:3)
  4 adders
  4 gnolls (D:4)
  3 worms
  3 dart slugs
  12 orcs
  9 ball pythons
  6 endoplasms
  4 giant cockroaches
  4 hobgoblins
  5 quokkas
  8 bats
  6 frilled lizards
  5 goblins
  10 kobolds
  5 rats
104 creatures vanquished.

Vanquished Creatures (others)
  An adder (D:6)
  A quokka (D:3)
2 creatures vanquished.

Grand Total: 106 creatures vanquished

Notes
Turn   | Place    | Note
-------+----------+-------------------------------------------
     0 | D:1      | qw the Gargoyle Fighter began the quest for the Orb.
     0 | D:1      | Reached XP level 1. HP: 14/14 MP: 1/1
     0 | D:1      | 0 ||| qw: Version: 0.2-a-103-g5a998e5
     0 | D:1      | 0 ||| qw: Game counter: 1112
     0 | D:1      | 0 ||| qw: Always use a shield: true
     0 | D:1      | 0 ||| qw: God list: Okawaru
     0 | D:1      | 0 ||| qw: Allow faded altars: false
     0 | D:1      | 0 ||| qw: Do Orc after D:15 true
     0 | D:1      | 0 ||| qw: Do second Lair branch before Depths: true
     0 | D:1      | 0 ||| qw: Lair rune preference: random
     0 | D:1      | 0 ||| qw: Plans: Normal, Zot:1-4, Slime:5, God:TSO, Crypt,
                  | Tomb, Pan, Hells, Abyss, Win
     0 | D:1      | 0 ||| PLANNING D:1-11
    36 | D:1      | 36 ||| Stepping ~*~*~tactically~*~*~ (stealth).
    45 | D:1      | Reached skill level 2 in Axes
   149 | D:1      | Reached XP level 2. HP: 19/19 MP: 2/2
   209 | D:1      | 209 ||| Stepping ~*~*~tactically~*~*~ (hiding).
   774 | D:1      | 774 ||| READING scroll labelled PAHUNUEFUZO.
   775 | D:1      | 775 ||| READING 3 scrolls labelled TUOCODOHOZ.
   776 | D:1      | 776 ||| READING scroll labelled ASIV FAGAMACW.
   777 | D:1      | 777 ||| READING scroll labelled XEXKA XUROASI.
   778 | D:1      | 778 ||| READING 2 scrolls of identify.
   778 | D:1      | 778 ||| IDENTIFYING pink potion
   792 | D:2      | Found Daak's Weapon Emporium.
   797 | D:2      | 797 ||| BUYING +0 broad axe (56 gold).
   797 | D:2      | Bought a +0 broad axe for 56 gold pieces
   797 | D:2      | 797 ||| SHOPLISTING +1 flail of holy wrath (186 gold, have
                  | 1).
   797 | D:2      | 797 ||| SWAPPING to +0 broad axe.
   798 | D:2      | 798 ||| DROPPING +0 war axe.
   854 | D:2      | Reached skill level 3 in Axes
   952 | D:2      | 952 ||| Stepping ~*~*~tactically~*~*~ (stealth).
  1006 | D:2      | Reached XP level 3. HP: 23/23 MP: 3/3
  1014 | D:2      | Identified the ring of Yesterday {Contam Fly rCorr AC+4
                  | Dex+4}
  1130 | D:2      | Found a blossoming altar of Fedhas.
  1385 | D:2      | 1385 ||| UPGRADING to ring of Yesterday {Contam Fly rCorr
                  | AC+4 Dex+4}.
  1386 | D:2      | 1386 ||| DRINKING 3 green potions.
  1387 | D:2      | 1387 ||| READING 2 scrolls of identify.
  1387 | D:2      | 1387 ||| IDENTIFYING silvery potion
  1484 | D:3      | Noticed Jessica
  1485 | D:3      | 1485 ||| Stepping ~*~*~tactically~*~*~ (hiding).
  1510 | D:3      | 1510 ||| Stepping ~*~*~tactically~*~*~ (hiding).
  1514 | D:3      | Killed Jessica
  1515 | D:3      | Reached XP level 4. HP: 28/28 MP: 4/4
  1617 | D:3      | Found a white marble altar of Elyvilon.
  1670 | D:3      | Noticed Grinder
  1678 | D:3      | Paralysed by Grinder for 3 turns
  1684 | D:3      | 1684 ||| Stepping ~*~*~tactically~*~*~ (hiding).
  1685 | D:3      | 1685 ||| Stepping ~*~*~tactically~*~*~ (hiding).
  1689 | D:3      | Paralysed by Grinder for 2 turns
  1691 | D:3      | Killed Grinder
  1692 | D:3      | Reached skill level 5 in Axes
  1692 | D:3      | Reached XP level 5. HP: 25/32 MP: 5/5
  1692 | D:3      | Reached XP level 6. HP: 29/37 MP: 6/6
  1761 | D:3      | Found a snail-covered altar of Cheibriados.
  1917 | D:3      | Found a runed translucent gate.
  1917 | D:3      | Found a runed translucent gate.
  1917 | D:3      | Noticed qw's ghost (amateur GrFi)
  1925 | D:3      | Found a runed translucent gate.
  2149 | D:3      | 2149 ||| Stepping ~*~*~tactically~*~*~ (hiding).
  2157 | D:3      | Reached skill level 1 in Dodging
  2219 | D:3      | Noticed Sigmund
  2227 | D:3      | Killed Sigmund
  2228 | D:3      | Reached XP level 7. HP: 20/44 MP: 7/7
  2377 | D:3      | 2377 ||| Stepping ~*~*~tactically~*~*~ (hiding).
  2391 | D:3      | 2391 ||| DROPPING +0 whip.
  2657 | D:3      | 2657 ||| UPGRADING to +1 cloak.
  2662 | D:3      | 2662 ||| UPGRADING to +0 pair of boots.
  2667 | D:3      | 2667 ||| READING scroll labelled GAOJUJ ZUOROU.
  2701 | D:3      | 2701 ||| READING scroll labelled UTYCWANUCE.
  2702 | D:3      | 2702 ||| DRINKING 2 white potions.
  2703 | D:3      | 2703 ||| DRINKING 2 grey potions.
  2704 | D:3      | 2704 ||| DROPPING potion of flight.
  2749 | D:4      | 2749 ||| Stepping ~*~*~tactically~*~*~ (stealth).
  2759 | D:4      | 2759 ||| Stepping ~*~*~tactically~*~*~ (stealth).
  2761 | D:4      | 2761 ||| Stepping ~*~*~tactically~*~*~ (stealth).
  2764 | D:4      | 2764 ||| Stepping ~*~*~tactically~*~*~ (stealth).
  2770 | D:4      | Noticed Pikel
  2788 | D:4      | HP: 11/44 [Pikel/+0 whip of electrocution (2)]
  2789 | D:4      | 2789 ||| DRINKING 3 potions of heal wounds.
  2792 | D:4      | Killed Pikel
  2793 | D:4      | Reached skill level 7 in Axes
  2793 | D:4      | Reached XP level 8. HP: 31/49 MP: 8/8
  2903 | D:4      | Found a sparkling altar of Nemelex Xobeh.
  2985 | D:4      | 2985 ||| Stepping ~*~*~tactically~*~*~ (stealth).
  3103 | D:4      | 3103 ||| Stepping ~*~*~tactically~*~*~ (stealth).
  3112 | D:4      | 3112 ||| Stepping ~*~*~tactically~*~*~ (stealth).
  3206 | D:4      | Found a shimmering altar of Xom.
  3241 | D:4      | Found a blossoming altar of Fedhas.
  3355 | D:4      | 3355 ||| READING scroll labelled QUOXU PIETEI.
  3356 | D:4      | 3356 ||| READING 4 scrolls of identify.
  3356 | D:4      | 3356 ||| IDENTIFYING blue potion
  3357 | D:4      | 3357 ||| READING 3 scrolls of identify.
  3357 | D:4      | 3357 ||| IDENTIFYING coppery potion
  3358 | D:4      | 3358 ||| DROPPING potion of ambrosia.
  3373 | D:5      | Entered Level 5 of the Dungeon
  3385 | D:5      | Reached skill level 1 in Throwing
  3452 | D:5      | Reached skill level 8 in Axes
  3763 | D:5      | 3763 ||| Stepping ~*~*~tactically~*~*~ (hiding).
  3765 | D:5      | 3765 ||| Stepping ~*~*~tactically~*~*~ (hiding).
  3767 | D:5      | 3767 ||| Stepping ~*~*~tactically~*~*~ (hiding).
  3923 | D:5      | 3923 ||| UPGRADING to +0 chain mail.
  3933 | D:5      | 3933 ||| DROPPING +0 scale mail.
  3942 | D:6      | Noticed Maggie
  3951 | D:6      | HP: 12/51 [Maggie/+0 halberd of distortion (14)]
  3952 | D:6      | 3952 ||| DRINKING 2 potions of heal wounds.
  3962 | D:6      | HP: 9/51 [Maggie/+0 halberd of distortion (6)]
  3963 | D:6      | 3963 ||| DRINKING potion of heal wounds.
  3972 | Abyss:2  | Cast into level 2 of the Abyss (Maggie)
  4074 | Abyss:2  | Noticed a hellwing
  4075 | Abyss:2  | 4075 ||| Stepping ~*~*~tactically~*~*~ (stealth).
  4077 | Abyss:2  | 4077 ||| Stepping ~*~*~tactically~*~*~ (stealth).
  4078 | Abyss:2  | 4078 ||| Stepping ~*~*~tactically~*~*~ (stealth).
  4090 | Abyss:2  | Killed a hellwing
  4109 | Abyss:2  | Noticed a ynoxinul
  4110 | Abyss:2  | 4110 ||| Stepping ~*~*~tactically~*~*~ (stealth).
  4111 | Abyss:2  | 4111 ||| Stepping ~*~*~tactically~*~*~ (stealth).
  4113 | Abyss:2  | 4113 ||| Stepping ~*~*~tactically~*~*~ (stealth).
  4118 | Abyss:2  | Noticed a smoke demon
  4121 | Abyss:2  | Killed from afar by a smoke demon

Levels and vault maps discovered:
D:1:      minmay_arrival_four_houses, layout_basic
D:2:      layout_loops_ring, serial_shops, nicolae_shop_stone, basic_altar
D:3:      minmay_octagon_keep, layout_basic, nicolae_elyvilon_temple_path,
          slow_altar_1, gammafunk_ghost_split, uniq_grinder, uniq_jessica,
          uniq_sigmund
D:4:      layout_rooms, mainiacjoe_overflow_large_starburst,
          general_overflow_altar, glass_columns_a, serial_park_tiny_pond,
          uniq_pikel
D:5:      layout_basic
D:6:      layout_loops_ring, minmay_temple_entry_from_below_b, serial_shops,
          kennysheep_mini, uniq_edmund, uniq_maggie, uniq_duvessa,
          uniq_blork_the_orc
Abyss:2:  base: D:3, evilmike_abyss_exit_mutagenic

Skill      XL: |  1  2  3  4  5  6  7  8 |
---------------+-------------------------+-----
Axes           | 2 3 5 7 8 |  8.0
Dodging        | 1 |  1.2
Fighting       | 5 7 |  7.0
Throwing       | 1 |  1.1
Armour         | 4 |  4.6
Shields        | |  3.2

Action                     |  1- 3 |  4- 6 |  7- 9 || total
---------------------------+-------+-------+-------++-------
  Melee: War axe           |    52 |       |       ||    52
         Broad axe         |    45 |    57 |   155 ||   257
  Throw: Boomerang         |       |       |    25 ||    25
    Use: Scroll            |     6 |       |     5 ||    11
         Potion            |     1 |       |     5 ||     6
 Armour: Scale mail        |    53 |    35 |    96 ||   184
         Chain mail        |       |       |    50 ||    50
  Dodge: Dodged            |    37 |    22 |    99 ||   158
  Block: Buckler           |    15 |    11 |    45 ||    71

Table legend:
 A = Non-vault XP
 B = Vault XP
 C = Vault XP percentage of total XP
 D = Non-vault monster count
 E = Vault monster count
 F = Vault count percentage of total count
                 A         B        C        D         E       F
            +---------+---------+-------+---------+---------+-------
      Total |    1029 |    1265 |  55.1 |      84 |      17 |  16.8
            +---------+---------+-------+---------+---------+-------
        D:1 |      26 |       0 |   0.0 |      19 |       0 |   0.0
        D:2 |      20 |       0 |   0.0 |      11 |       0 |   0.0
        D:3 |      67 |     624 |  90.3 |      17 |      16 |  48.5
        D:4 |     135 |     641 |  82.6 |      28 |       1 |   3.4
        D:5 |     250 |       0 |   0.0 |       6 |       0 |   0.0
        D:6 |      87 |       0 |   0.0 |       1 |       0 |   0.0
    Abyss:2 |     444 |       0 |   0.0 |       2 |       0 |   0.0
            +---------+---------+-------+---------+---------+-------
